[Event "Championnat du monde jeunes U12"]
[Date "2024.11.22"]
[White "Platonovs, Nikolajs"]
[Black "Golubovic, Erik"]
[WhiteElo "1969"]
[BlackElo "2147"]
[Round "7.13"]
[Result "1-0"]
[TimeControl "5400+30"]

1. e4 c5 2. Nf3 d6 3. d4 cxd4 4. Nxd4 Nf6 5. Nc3 a6 6. Be3 e5 7. Nb3 Be7 8. f3 Be6 9. Qd2 O-O 10. O-O-O Nbd7 11. g4 b5 12. g5 Nh5 13. Nd5 Bxd5 14. exd5 f6 15. gxf6 Bxf6 16. Na5 Qe8 17. Nc6 Bd8 18. Nxd8 Qxd8 19. Bh3 Nf4 20. Be6+ Kh8 21. Rhg1 Rf6 22. Bxf4 Rxf4 23. Rg4 Rxg4 24. fxg4 Nc5 25. Rf1 Qe8 26. Qg2 Rd8 27. Bf5 Qe7 28. Be4 Rf8 29. Rxf8+ Qxf8 30. Qf3 Qe7 31. Kb1 g6 32. c3 Kg7 33. Bc2 Qh4 34. Qe2 Qg5 35. b4 Nd7 36. a4 Nf6 37. axb5 axb5 38. Qxb5 Qd2 39. g5 Qxg5 40. Qb7+ Kh6 41. Qe7 Qg1+ 42. Kb2 Nxd5 43. Qf8+ Kg5 44. Qxd6 Ne3 45. Qxe5+ Kg4 46. Qe6+ Kg5 47. Qe7+ Kh6 48. Qh4+ Kg7 49. Qd4+ Kh6 50. Qh4+ Kg7 51. b5 Nd5 52. Qd4+ Qxd4 53. cxd4 Kf6 54. Bb3 Nb6 55. Kc3 Ke7 56. Kb4 Kd6 57. Bg8 h6 58. Ka5 Kc7 59. Be6 g5 60. h3 h5 61. Ka6 Na4 62. Bb3 Nb6 63. Bd1 g4 64. hxg4 hxg4 65. Bxg4 Na4 66. Be6 Nb6 67. Ka7 Na4 68. d5 Nc3 69. b6+ Kd6 70. b7 1-0

[Variant "Standard"]
[Site "Europe Echecs"]

[Event "Championnat du monde jeunes U12"]
[Date "2024.11.22"]
[White "Belin, Anton"]
[Black "Qu, Haoming"]
[WhiteElo "2138"]
[BlackElo "1969"]
[Round "7.14"]
[Result "1-0"]
[TimeControl "5400+30"]

1. e4 d5 2. exd5 Qxd5 3. Nc3 Qd6 4. d4 c6 5. Nf3 Bf5 6. Be3 Nf6 7. Bc4 e6 8. Qd2 Qd8 9. h3 Bb4 10. Bd3 Nd5 11. O-O Bxd3 12. Qxd3 Be7 13. Rae1 Nd7 14. Ne4 b5 15. Bd2 Rb8 16. Re2 O-O 17. Ne5 Nxe5 18. dxe5 Kh8 19. f4 g6 20. Kh1 c5 21. b3 Nb4 22. Bxb4 cxb4 23. Qe3 Qd5 24. Qxa7 Rb7 25. Qe3 Ra8 26. Rd2 Qc6 27. Rfd1 Kg7 28. Nf6 Rxa2 29. f5 Rxc2 30. Nh5+ Kg8 31. Qh6 Rxd2 32. Qg7# 1-0

[Variant "Standard"]
[Site "Europe Echecs"]

[Event "Championnat du monde jeunes U12"]
[Date "2024.11.22"]
[White "Abdsattar, Alisher"]
[Black "Yerzhanuly Yernur"]
[WhiteElo "2082"]
[BlackElo "1917"]
[Round "7.15"]
[Result "1/2-1/2"]
[TimeControl "5400+30"]

1. e4 e6 2. d4 d5 3. Nc3 Bb4 4. Ne2 dxe4 5. a3 Be7 6. Nxe4 Nf6 7. Nxf6+ Bxf6 8. Be3 Nc6 9. Qd3 b6 10. g4 Bb7 11. Bg2 O-O 12. Rg1 g6 13. O-O-O Qd7 14. Nf4 Rad8 15. d5 Ne5 16. Qe2 exd5 17. Nxd5 Bxd5 18. Bxd5 Qa4 19. g5 Bg7 20. Rd4 Qe8 21. Rgd1 c6 22. Bb3 Qe7 23. Re4 Rxd1+ 24. Qxd1 Rd8 25. Qe2 Qd7 26. Bd4 Nd3+ 27. cxd3 Bxd4 28. Re7 Qd6 29. Rxf7 Kh8 30. Qf3 Bg7 31. Qe3 Rf8 32. Rxf8+ Qxf8 33. Qe6 c5 34. Kb1 b5 35. Bd5 Qb8 36. h4 c4 37. d4 Bxd4 38. f4 Qf8 39. Ka2 a5 40. h5 gxh5 41. f5 b4 42. a4 c3 43. Kb1 h6 44. gxh6 1/2-1/2

[Variant "Standard"]
[Site "Europe Echecs"]

[Event "Championnat du monde jeunes U12"]
[Date "2024.11.22"]
[White "Zhandos, Akarys"]
[Black "Petroff, Vlad"]
[WhiteElo "1932"]
[BlackElo "2079"]
[Round "7.16"]
[Result "0-1"]
[TimeControl "5400+30"]

1. e4 c6 2. d4 d5 3. Nc3 dxe4 4. Nxe4 Nf6 5. Nxf6+ exf6 6. c3 Bd6 7. Bd3 O-O 8. Qc2 c5 9. Bxh7+ Kh8 10. Bd3 cxd4 11. cxd4 Nc6 12. Ne2 Nb4 13. Qd2 Nxd3+ 14. Qxd3 Qa5+ 15. Bd2 Qh5 16. Be3 Bf5 17. Qd2 Rfe8 18. f4 Bg4 19. Rc1 Re7 20. Ng3 Qb5 0-1

[Variant "Standard"]
[Site "Europe Echecs"]

[Event "Championnat du monde jeunes U12"]
[Date "2024.11.22"]
[White "Zhang, Haoxuan"]
[Black "Filindash, Nikita"]
[WhiteElo "1932"]
[BlackElo "2076"]
[Round "7.17"]
[Result "1/2-1/2"]
[TimeControl "5400+30"]

1. e4 e6 2. d4 d5 3. e5 c5 4. c3 Nc6 5. Nf3 Qb6 6. Be2 cxd4 7. cxd4 Nh6 8. Nc3 Nf5 9. Na4 Qa5+ 10. Bd2 Bb4 11. Bc3 b5 12. a3 Bxc3+ 13. Nxc3 b4 14. g4 bxc3 15. b4 c2 16. Qd2 Nxb4 17. Qxb4 Qxb4+ 18. axb4 Ne7 19. Kd2 Bd7 20. Rhc1 Rb8 21. Rxc2 Rb7 22. b5 O-O 23. Ra5 Rfb8 24. Rc5 Nc8 25. Ke3 Nb6 26. Nd2 h6 27. Rc3 Na8 28. Rca3 Bxb5 29. Rxa7 Rxa7 30. Rxa7 Bxe2 31. Kxe2 Nb6 32. h4 Rc8 33. h5 Rc3 34. Rb7 Nc4 35. Nxc4 Rxc4 36. Kd3 Ra4 37. Rb3 Ra1 38. Ke3 Re1+ 39. Kf3 Rd1 40. Rb4 Rc1 41. Rb8+ Kh7 42. Rb7 Kg8 43. Rb8+ Kh7 1/2-1/2

[Variant "Standard"]
[Site "Europe Echecs"]

[Event "Championnat du monde jeunes U12"]
[Date "2024.11.22"]
[White "Karthi, Jashith"]
[Black "Shirinov, Yashar"]
[WhiteElo "2073"]
[BlackElo "1642"]
[Round "7.18"]
[Result "1-0"]
[TimeControl "5400+30"]

1. d4 d5 2. c4 e6 3. Nc3 Nf6 4. cxd5 exd5 5. Bg5 Nbd7 6. e3 c6 7. Bd3 Be7 8. Qc2 O-O 9. Nge2 Re8 10. O-O Nf8 11. Rae1 Ng6 12. Ng3 h6 13. Bxf6 Bxf6 14. Bxg6 fxg6 15. Qxg6 Re6 16. Qd3 b5 17. Nce2 a5 18. Nf4 Rd6 19. Nf5 Rd7 20. Rc1 Rc7 21. Ng3 b4 22. Qg6 Ba6 23. Ne6 Qd6 24. Nxc7 Qxc7 25. Rfd1 Rf8 26. Nh5 Be2 27. Nxf6+ Rxf6 28. Qe8+ Kh7 29. Re1 Bd3 30. Qe5 Qf7 31. f3 Rf5 32. Qg3 Rg5 33. Qf2 Qg6 34. h4 Rf5 35. Qd2 Bb5 36. Qc2 h5 37. Rcd1 Kg8 38. Qf2 a4 39. e4 dxe4 40. Rxe4 Bc4 41. Re5 Bxa2 42. Qc2 Rg5 43. Qxg6 Rxg6 44. Ra1 Bb3 45. Re8+ Kf7 46. Rb8 Ke6 47. Rxb4 Kd5 48. Re1 Re6 49. Rxe6 Kxe6 50. Kf2 g6 51. Ke3 Kd5 52. Kd2 Ke6 53. Kc3 Bd1 54. Rb8 Be2 55. Re8+ Kd5 1-0

[Variant "Standard"]
[Site "Europe Echecs"]

[Event "Championnat du monde jeunes U12"]
[Date "2024.11.22"]
[White "Kleschevnikov, Arseny"]
[Black "Minga-Nagy, Abel Inti"]
[WhiteElo "1893"]
[BlackElo "2033"]
[Round "7.19"]
[Result "1-0"]
[TimeControl "5400+30"]

1. d4 Nf6 2. c4 e6 3. Nc3 Bb4 4. e3 d6 5. Ne2 O-O 6. a3 Bxc3+ 7. Nxc3 Nbd7 8. Be2 e5 9. O-O Re8 10. b4 Nf8 11. Bb2 Ng6 12. Qd2 exd4 13. Qxd4 Ne5 14. Nd5 Nxd5 15. cxd5 f6 16. Rac1 Bf5 17. e4 Bg6 18. f3 Qd7 19. f4 c5 20. bxc5 dxc5 21. Rxc5 b6 22. Rcc1 Nc6 23. dxc6 Qe7 24. f5 Bf7 25. Bc4 Bxc4 26. Qxc4+ Kh8 27. Rfe1 Rac8 28. e5 fxe5 29. Rxe5 Qg5 30. Rxe8+ Rxe8 31. c7 Qe3+ 32. Kh1 b5 33. Qf1 Rc8 34. f6 Qf3 1-0

[Variant "Standard"]
[Site "Europe Echecs"]

[Event "Championnat du monde jeunes U12"]
[Date "2024.11.22"]
[White "Le, Anh Tu"]
[Black "Marchand, Calix"]
[WhiteElo "1812"]
[BlackElo "2027"]
[Round "7.20"]
[Result "1/2-1/2"]
[TimeControl "5400+30"]

1. e4 c5 2. Nf3 e6 3. d4 cxd4 4. Nxd4 Nc6 5. Nc3 Qc7 6. Be2 a6 7. Nxc6 bxc6 8. Qd3 Nf6 9. Qg3 Qxg3 10. hxg3 Bb4 11. e5 Ne4 12. Bd2 Nxd2 13. Kxd2 O-O 14. Bd3 h6 15. a3 Be7 16. Ne4 f6 17. exf6 Bxf6 18. Nxf6+ Rxf6 19. f4 Bb7 20. Rh5 Rc8 21. b4 d5 22. Rb1 Kf7 23. Ke3 Ke7 24. Kd4 Kd6 25. c4 dxc4 26. Bxc4 Rg8 27. Re5 g6 28. Rbe1 Bc8 29. R1e4 g5 30. fxg5 Rxg5 31. Rxg5 hxg5 32. Re2 Rf5 33. Bd3 Rd5+ 34. Ke3 a5 35. Rc2 axb4 36. axb4 Bd7 37. Ra2 e5 38. Ra6 Bc8 39. Ra8 Bd7 40. Ra6 Kc7 41. Ra7+ Kb6 42. Ra6+ Kb7 43. Ra5 Be8 44. b5 Kb8 45. Ra6 cxb5 46. Be4 Rd8 47. Re6 Bd7 48. Rxe5 g4 49. Bf5 Re8 50. Rxe8+ Bxe8 51. Bxg4 Kc7 52. Kd4 Kd6 53. Bf3 Ke6 54. Ke4 Kf6 55. Kf4 b4 56. Be4 b3 57. Ke3 Ke5 58. Bh7 Bd7 59. Kd2 Bf5 60. Bxf5 1/2-1/2

[Variant "Standard"]
[Site "Europe Echecs"]

[Event "Championnat du monde jeunes U12"]
[Date "2024.11.22"]
[White "Yu, Zhe"]
[Black "Ritzerveld, Noah"]
[WhiteElo "1697"]
[BlackElo "2285"]
[Round "7.21"]
[Result "1-0"]
[TimeControl "5400+30"]

1. e4 e5 2. Nf3 Nc6 3. Bb5 a6 4. Ba4 Nf6 5. O-O Be7 6. Bxc6 dxc6 7. Re1 Bg4 8. h3 Bh5 9. d3 Qd6 10. Nbd2 Nd7 11. b3 O-O-O 12. a4 g5 13. Nf1 f6 14. Ba3 Qe6 15. Nxg5 fxg5 16. Qxh5 Bxa3 17. Rxa3 Rdg8 18. Ne3 Nf6 19. Qf3 Qe7 20. Rea1 h5 21. Nf5 Qd8 22. Qe3 Kb8 23. b4 g4 24. h4 Qd7 25. c4 g3 26. f3 b6 27. b5 cxb5 28. c5 b4 29. Rb3 a5 30. cxb6 Rc8 31. Qc5 Kb7 32. Qxa5 cxb6 33. Qxb4 Rc6 34. a5 Rhc8 35. Nxg3 Qg7 36. axb6 Rc1+ 37. Rxc1 Rxc1+ 38. Kh2 Ne8 39. Qa3 1-0

[Variant "Standard"]
[Site "Europe Echecs"]

[Event "Championnat du monde jeunes U12"]
[Date "2024.11.22"]
[White "Sun, Kevin"]
[Black "Saminskij, Jan"]
[WhiteElo "1966"]
[BlackElo "2202"]
[Round "7.22"]
[Result "1/2-1/2"]
[TimeControl "5400+30"]

1. e4 e6 2. d4 d5 3. e5 c5 4. c3 Nc6 5. Nf3 Bd7 6. Be2 Rc8 7. O-O h6 8. Re1 Qb6 9. b3 cxd4 10. cxd4 Nge7 11. Na3 Nf5 12. Nc2 Nb4 13. Na3 Be7 14. Bb2 O-O 15. Bd3 Nxd3 16. Qxd3 Bb4 17. Rec1 Qa5 18. Nc2 Bb5 19. Qd1 Bc3 20. Bxc3 Rxc3 21. Qd2 Rfc8 22. Ne3 Nxe3 23. fxe3 Qc7 24. Rxc3 Qxc3 25. Rd1 a5 26. Kf2 a4 27. Qxc3 Rxc3 28. bxa4 Bxa4 29. Rd2 Rc6 30. Rb2 b6 31. Nd2 Kf8 32. e4 Ke7 33. exd5 exd5 34. Nf1 Ke6 35. Ne3 b5 36. Ke2 Rc1 37. Kd3 Rh1 38. h3 Rg1 39. Rf2 b4 40. Nf5 Rd1+ 41. Ke3 Re1+ 42. Kd2 Rd1+ 43. Ke2 g6 44. Nxh6 Rxd4 45. Nxf7 Rc4 46. Kd3 1/2-1/2

[Variant "Standard"]
[Site "Europe Echecs"]

[Event "Championnat du monde jeunes U12"]
[Date "2024.11.22"]
[White "Skytte, Robert"]
[Black "Kuandykuly, Danis"]
[WhiteElo "1925"]
[BlackElo "2199"]
[Round "7.23"]
[Result "0-1"]
[TimeControl "5400+30"]

1. e4 c5 2. Nf3 d6 3. d4 cxd4 4. Nxd4 Nf6 5. Nc3 a6 6. Be3 e5 7. Nb3 Be6 8. Nd5 Nxd5 9. exd5 Bf5 10. Bd3 Bxd3 11. Qxd3 Be7 12. O-O-O Nd7 13. g4 Rc8 14. Kb1 Nb6 15. Bxb6 Qxb6 16. f3 Qc7 17. Nd2 O-O 18. Ne4 f5 19. gxf5 Qd7 20. Ng3 Bh4 21. b3 Bxg3 22. hxg3 Qxf5 23. g4 Qxd3 24. Rxd3 Rf4 25. Re1 Rcf8 26. Ree3 g6 27. Kc1 Kg7 28. Kd1 h5 29. gxh5 gxh5 30. Ke2 Kf6 31. Rd1 Rg8 32. Rf1 b5 33. Rf2 Rg1 34. Rf1 Rxf1 35. Kxf1 Rd4 36. c4 bxc4 37. bxc4 Rxc4 38. Ra3 Rc5 39. Rxa6 Rxd5 40. a4 Kg5 41. Ra8 Kf4 42. Ke2 Rc5 43. a5 Rc2+ 44. Kd3 Ra2 45. Kc3 Kxf3 46. Kb3 Ra1 47. Kb2 Rg1 48. a6 Rg7 49. a7 Ke4 50. Rd8 Rxa7 51. Rxd6 Rh7 0-1

[Variant "Standard"]
[Site "Europe Echecs"]

[Event "Championnat du monde jeunes U12"]
[Date "2024.11.22"]
[White "Belyaletdinov, Leonard"]
[Black "Ivancic, Ivan"]
[WhiteElo "1903"]
[BlackElo "2091"]
[Round "7.24"]
[Result "1-0"]
[TimeControl "5400+30"]

1. e4 c5 2. Nf3 d6 3. Bb5+ Bd7 4. Bxd7+ Qxd7 5. O-O Nc6 6. d3 g6 7. Nc3 Bg7 8. Be3 Nf6 9. Re1 O-O 10. h3 a6 11. a4 e5 12. Bg5 Ne8 13. Nd5 Rb8 14. Nh2 f6 15. Be3 Nc7 16. Nb6 Qf7 17. f4 f5 18. Nc4 Rbd8 19. fxe5 Nxe5 20. Nxe5 Bxe5 21. Nf3 Bg7 22. Ng5 Qf6 23. Rf1 h6 24. Nf3 f4 25. Bd2 d5 26. Bc3 d4 27. Bd2 Ne6 28. b3 b6 29. Qe2 a5 30. Rae1 g5 31. Nh2 Qg6 32. Qf3 h5 33. g4 h4 34. Qg2 Be5 35. Nf3 Qf6 36. Rc1 Rd7 37. Rfd1 Rfd8 38. Qe2 Kg7 39. Kg2 Kg8 40. Be1 Kg7 41. Kh2 Kh8 42. Kh1 Rg7 43. Bf2 Kg8 44. Rg1 Kf7 45. Rg2 Rdg8 46. Rcg1 Ke7 47. Qe1 Rh7 48. Qa1 Rhg7 49. Be1 Rg6 50. Rf1 Rd8 51. Nd2 Nc7 52. Nc4 Rd7 53. Qa3 Na6 54. Bd2 Rg8 55. Qa1 Nb8 56. Bc1 Nc6 57. Nxb6 Nb4 58. Nxd7 Kxd7 59. Rf3 Rb8 60. Ba3 Rc8 61. Qe1 Rc7 62. Bb2 Kc8 63. Qd2 Kb7 64. Rg1 Kb6 65. Rc1 Na2 66. Re1 Rf7 67. Ra1 Nb4 68. Qd1 Rf8 69. Bc1 Rf7 70. Bd2 Rd7 71. Qc1 Rb7 72. Qb2 Kc6 73. Rc1 Kd6 74. Kg2 Nc6 75. Rf2 Rf7 76. Rf3 Rb7 77. c3 dxc3 78. Bxc3 Nd4 79. Bxd4 Bxd4 80. Qc2 Rb4 81. Rff1 Qe5 82. Qd1 Bb2 83. Rc4 Bc3 84. Qc2 Rxc4 85. dxc4 Kc6 86. Qd3 Bd4 87. Kf3 Kb6 88. Rc1 Kb7 89. b4 axb4 90. a5 Ka6 91. Qb3 Bb2 92. Rc2 Bc3 93. Re2 Qd4 94. Qb1 Bd2 95. e5 Qc3+ 96. Ke4 Qxc4+ 97. Kf3 Qc3+ 98. Ke4 f3 99. Rxd2 Qxd2 100. Kxf3 Qc3+ 101. Ke4 b3 102. Qd3+ Qxd3+ 103. Kxd3 Kxa5 104. e6 Kb4 105. e7 c4+ 106. Ke2 b2 107. e8=Q c3 108. Qe4+ Kb3 109. Kd1 Ka2 110. Qa4+ Kb1 111. Qb3 Ka1 112. Kc2 1-0

[Variant "Standard"]
[Site "Europe Echecs"]

[Event "Championnat du monde jeunes U12"]
[Date "2024.11.22"]
[White "Vinales Gonzalez, Enzo Mathias"]
[Black "Bulgak, Damir"]
[WhiteElo "1903"]
[BlackElo "2044"]
[Round "7.25"]
[Result "0-1"]
[TimeControl "5400+30"]

1. e4 e5 2. Nf3 Nc6 3. Bc4 Nf6 4. Nc3 Nxe4 5. Nxe4 d5 6. Bd3 dxe4 7. Bxe4 Bd6 8. O-O O-O 9. d3 Ne7 10. c3 f5 11. Qb3+ Kh8 12. Bd5 Nxd5 13. Qxd5 Qf6 14. Bg5 Qg6 15. h4 c6 16. Qb3 f4 17. d4 e4 18. Ne5 Bxe5 19. dxe5 h6 20. Be7 f3 0-1

[Variant "Standard"]
[Site "Europe Echecs"]

[Event "Championnat du monde jeunes U12"]
[Date "2024.11.22"]
[White "Batbaatar, Baatar"]
[Black "Gao, Arthur"]
[WhiteElo "2030"]
[BlackElo "1979"]
[Round "7.26"]
[Result "1-0"]
[TimeControl "5400+30"]

1. e4 c5 2. Nf3 e6 3. d4 cxd4 4. Nxd4 a6 5. Bd3 Nc6 6. Nxc6 dxc6 7. O-O e5 8. Nd2 Bc5 9. Nc4 Qe7 10. a4 Nf6 11. c3 Bg4 12. Qc2 Nd7 13. b4 Ba7 14. a5 O-O 15. Be3 c5 16. f3 Be6 17. Qf2 Rac8 18. Qe2 Bb8 19. Rab1 cxb4 20. cxb4 Rc6 21. b5 axb5 22. Rxb5 Nc5 23. Nb6 Rd8 24. Rd1 Ba7 25. Nd5 Qd6 26. Bc2 Kh8 27. Nb6 Qc7 28. Rxd8+ Qxd8 29. Rxc5 Bxb6 30. axb6 Qxb6 31. Rxc6 Qxc6 32. Bd3 h6 33. Qb2 f6 34. Qb6 Qc3 35. Bf1 Qc8 36. Qd6 Bd7 37. Bc5 Kh7 38. Bc4 1-0

[Variant "Standard"]
[Site "Europe Echecs"]

[Event "Championnat du monde jeunes U12"]
[Date "2024.11.22"]
[White "Bocquenet-Drouode, Hugo"]
[Black "Tona, Leonardo"]
[WhiteElo "2002"]
[BlackElo "1906"]
[Round "7.27"]
[Result "1-0"]
[TimeControl "5400+30"]

1. e4 c6 2. d4 d5 3. Nc3 dxe4 4. Nxe4 Nf6 5. Nxf6+ exf6 6. c3 Bf5 7. Bf4 Be7 8. Bd3 Bxd3 9. Qxd3 Nd7 10. Ne2 O-O 11. O-O Nc5 12. Qc2 Ne6 13. Bg3 Re8 14. Rad1 Qd7 15. Rfe1 Rad8 16. a3 Ng5 17. h4 Ne6 18. c4 Bd6 19. Qf5 Bxg3 20. Nxg3 h6 21. d5 cxd5 22. cxd5 Nc7 23. Rxe8+ Nxe8 24. Qf4 Qd6 25. Qd2 Nc7 26. Nf5 Qd7 27. Qf4 Kh7 28. Rd3 Ne8 29. d6 g5 30. Qf3 Ng7 31. Ne3 f5 32. Rd5 Kg6 33. h5+ Kh7 34. Nxf5 Nxf5 35. Rxf5 Kg7 36. Qc3+ Kg8 37. Rd5 Qe6 38. Qd2 Rd7 39. Qd4 a6 40. Qd2 Qf6 41. Rd3 Qe6 42. f4 f6 43. fxg5 fxg5 44. Qb4 Kh7 45. Qd4 Kg8 46. a4 a5 47. Rd1 Kh7 48. Qd5 Qxd5 49. Rxd5 b6 50. Kf2 Kg7 51. Ke3 Kf6 52. Ke4 Ke6 53. Re5+ Kxd6 54. Rd5+ Ke6 55. Rxd7 Kxd7 56. Kf5 Kc6 57. Kg6 b5 58. Kxh6 bxa4 59. Kxg5 Kd5 1-0

[Variant "Standard"]
[Site "Europe Echecs"]

[Event "Championnat du monde jeunes U12"]
[Date "2024.11.22"]
[White "Nguyen, Khoi"]
[Black "Aadik Theophane Lenin"]
[WhiteElo "1994"]
[BlackElo "1857"]
[Round "7.28"]
[Result "1-0"]
[TimeControl "5400+30"]

1. c4 Nf6 2. Nf3 g6 3. Nc3 Bg7 4. e4 d6 5. d4 O-O 6. Be2 Nbd7 7. O-O e5 8. Be3 Qe7 9. Qc2 c6 10. d5 c5 11. Ne1 Kh8 12. a3 Ng8 13. f3 f5 14. b4 b6 15. Nd3 f4 16. Bf2 h5 17. Rfb1 Nh6 18. a4 a5 19. bxc5 bxc5 20. Nb5 Nb8 21. Qc3 Nf7 22. Rb3 g5 23. Rab1 Rg8 24. Kh1 Bf6 25. Nxd6 Qxd6 26. Rb6 Qd8 27. Rxb8 Rxb8 28. Rxb8 g4 29. Bxc5 g3 30. h3 Qc7 31. Qb3 Ng5 32. Bf1 Qg7 33. Qb2 Bd7 34. Rb7 Rd8 35. Bb6 Rf8 36. Nc5 Rf7 37. Nxd7 Rxd7 38. Rxd7 Qxd7 39. Qb5 Qf7 40. Bxa5 Bg7 41. Qb3 Qe7 42. Bb6 Bf8 43. c5 Qb7 44. Qc3 Nf7 45. a5 Qd7 46. Qb3 Qc8 47. Qb5 Ng5 48. Qc6 1-0

[Variant "Standard"]
[Site "Europe Echecs"]

[Event "Championnat du monde jeunes U12"]
[Date "2024.11.22"]
[White "Antipov, Fedor"]
[Black "Dauren, Darmen"]
[WhiteElo "1991"]
[BlackElo "1820"]
[Round "7.29"]
[Result "1-0"]
[TimeControl "5400+30"]

1. e4 d5 2. exd5 Nf6 3. d4 Nxd5 4. c4 Nb6 5. Nf3 g6 6. Nc3 Bg7 7. h3 Nc6 8. Be3 O-O 9. Rc1 Re8 10. c5 Nd5 11. Nxd5 Qxd5 12. Bc4 Qd8 13. O-O e6 14. Qd2 Bd7 15. b4 a6 16. a4 Na7 17. d5 Qc8 18. Ng5 exd5 19. Qxd5 Be6 20. Nxe6 Rxe6 21. Qf3 Rf6 22. Qg3 Rf5 23. Rfd1 Nc6 24. b5 axb5 25. axb5 Ne5 26. Bd5 Ra4 27. Bxb7 Qb8 28. Bg5 f6 29. Qb3+ Kh8 30. Qxa4 Qxb7 31. Rd8+ Bf8 32. Bh6 Nd7 33. Bxf8 Nxf8 34. Rxf8+ Kg7 35. Rd8 c6 36. bxc6 Qb2 37. Rd7+ Kh6 38. Qh4+ Rh5 39. Qf4+ g5 40. Qd2 Qe5 41. Qd3 g4 42. Qxh7+ Kg5 43. Rg7+ Kf4 44. Rxg4# 1-0

[Variant "Standard"]
[Site "Europe Echecs"]

[Event "Championnat du monde jeunes U12"]
[Date "2024.11.22"]
[White "Radnaev, Leo"]
[Black "Wang, Zihao(SH)"]
[WhiteElo "1990"]
[BlackElo "1773"]
[Round "7.30"]
[Result "0-1"]
[TimeControl "5400+30"]

1. e4 c5 2. Nf3 e6 3. d4 cxd4 4. Nxd4 Nc6 5. Nc3 Qc7 6. a3 a6 7. Be3 b5 8. Bd3 Bb7 9. O-O Nf6 10. Kh1 Be7 11. f4 d6 12. Qf3 O-O 13. g4 Nxd4 14. Bxd4 e5 15. Be3 exf4 16. Bxf4 Nd7 17. Nd5 Bxd5 18. exd5 Bf6 19. c3 g6 20. Rae1 Ne5 21. Bxe5 Bxe5 22. Kg2 Qd8 23. Qf2 Qg5 24. Be2 Rab8 25. Rd1 a5 26. h4 Qd8 27. Rd3 b4 28. Rf3 Qd7 29. Rh3 bxc3 30. bxc3 Rb2 31. h5 Qa4 32. Qf3 Bg7 33. Rf2 Qxa3 34. Qd3 Qc5 35. hxg6 fxg6 36. Rxf8+ Bxf8 37. Rf3 Qc8 38. Rf2 Qe8 39. Qf3 a4 40. Bd3 Rxf2+ 41. Kxf2 Bg7 42. c4 Bd4+ 43. Kf1 a3 44. Bb1 Qb8 45. Qe4 Qf8+ 46. Ke2 Qf2+ 47. Kd3 Be5 48. Qe2 Qd4+ 49. Kc2 Qb2+ 0-1

[Variant "Standard"]
[Site "Europe Echecs"]

[Event "Championnat du monde jeunes U12"]
[Date "2024.11.22"]
[White "Obidov, Biloliddin"]
[Black "Mai, Duc Kien"]
[WhiteElo "2088"]
[BlackElo "1771"]
[Round "7.31"]
[Result "0-1"]
[TimeControl "5400+30"]

1. d4 Nf6 2. Nf3 g6 3. c4 Bg7 4. g3 O-O 5. Bg2 d5 6. O-O dxc4 7. Na3 c3 8. bxc3 c5 9. Ne5 Nd5 10. Qb3 Nxc3 11. Qxc3 cxd4 12. Qc5 Na6 13. Qb5 Nc7 14. Qa5 b6 15. Nc6 bxa5 16. Nxd8 Rxd8 17. Bxa8 d3 18. Rb1 dxe2 19. Re1 Bf5 20. Bf3 Bc3 21. Rxe2 Rd1+ 22. Kg2 Bxb1 23. Bf4 Bd3 24. Bxc7 Bxe2 25. Bxe2 Rd2 26. Nb1 Rd7 27. Bf4 Bb4 28. a3 Bc5 29. Kf3 Rb7 30. Bd3 Rb3 31. Ke2 Bxf2 32. Nd2 Rxa3 33. Nc4 Ra2+ 34. Bd2 Bd4 35. Kd1 Ra1+ 36. Bc1 a4 37. Kd2 h5 38. h3 e6 39. Bc2 Bc3+ 40. Kd1 a3 41. Nxa3 Bb2 42. Nb1 Bxc1 43. Kxc1 Ra5 44. Nd2 Kg7 45. Kb2 Re5 46. g4 Re3 47. gxh5 gxh5 48. h4 Rh3 49. Ne4 Rxh4 50. Kc3 Rxe4 0-1

[Variant "Standard"]
[Site "Europe Echecs"]

[Event "Championnat du monde jeunes U12"]
[Date "2024.11.22"]
[White "Padure, Dragos-Alexandru"]
[Black "Rueda Ahumada, Gabriel Omar"]
[WhiteElo "1822"]
[BlackElo "1928"]
[Round "7.32"]
[Result "1/2-1/2"]
[TimeControl "5400+30"]

1. e4 e5 2. Nf3 Nc6 3. Nc3 Nf6 4. d4 exd4 5. Nxd4 Bc5 6. Nxc6 bxc6 7. Bd3 d5 8. exd5 cxd5 9. O-O O-O 10. h3 a5 11. Bg5 c6 12. Qf3 Bd4 13. Rad1 h6 14. Bd2 Qc7 15. Bf4 Be5 16. Bxe5 Qxe5 17. Rfe1 Qg5 18. Re2 Be6 19. Rde1 Nd7 20. Nd1 Rab8 21. c3 c5 22. Bb1 g6 23. Qe3 Qxe3 24. Rxe3 Kg7 25. b3 Rb6 26. Nb2 Rd8 27. Nd3 d4 28. cxd4 cxd4 29. R3e2 Bf5 30. Ne5 Bxb1 31. Nxd7 Rxd7 32. Rxb1 Kf6 33. f3 Rc6 34. Kf2 Kf5 35. Rd1 Rc3 36. Red2 Ke5 37. Ke2 f5 38. Rd3 Rc2+ 39. R1d2 Rc5 40. g3 g5 41. Kf2 h5 42. Re2+ Kf6 43. Red2 Rcd5 44. f4 gxf4 45. gxf4 R7d6 46. Kf3 Ke7 47. Rg2 1/2-1/2

[Variant "Standard"]
[Site "Europe Echecs"]

[Event "Championnat du monde jeunes U12"]
[Date "2024.11.22"]
[White "Lee, Tsuen Jin Aiesec"]
[Black "Sobirov, Afruzbek"]
[WhiteElo "1806"]
[BlackElo "1928"]
[Round "7.33"]
[Result "0-1"]
[TimeControl "5400+30"]

1. e4 c6 2. Nf3 d5 3. Nc3 dxe4 4. Nxe4 Nf6 5. Qe2 Nxe4 6. Qxe4 Nd7 7. d4 Nf6 8. Qf4 g6 9. Bd3 Bg7 10. c3 O-O 11. Qd2 b6 12. Qc2 Qc7 13. Bg5 a5 14. Qd2 Nd5 15. Bh6 f6 16. Be4 Be6 17. g3 g5 18. Bxg7 Kxg7 19. c4 Nb4 20. a3 Na6 21. d5 cxd5 22. cxd5 Nc5 23. Bxh7 Kxh7 24. Qc2+ Kg7 25. dxe6 Qc6 26. Qf5 Qb5 27. Nd4 Nd3+ 28. Kd2 Qxb2+ 29. Kxd3 Rfd8 30.
Qe4 Rac8 31. Qe1 Qc2+ 0-1

[Variant "Standard"]
[Site "Europe Echecs"]

[Event "Championnat du monde jeunes U12"]
[Date "2024.11.22"]
[White "Matejka, Simon"]
[Black "Zhang, Sean"]
[WhiteElo "1924"]
[BlackElo "1789"]
[Round "7.34"]
[Result "1-0"]
[TimeControl "5400+30"]

1. e4 c5 2. Nf3 Nc6 3. Bb5 d6 4. O-O Bd7 5. Re1 a6 6. Bf1 Nf6 7. c3 Bg4 8. d4 cxd4 9. cxd4 e5 10. d5 Nd4 11. Be3 Nxf3+ 12. gxf3 Bd7 13. a4 g6 14. Qb3 Bc8 15. Nd2 Bg7 16. Nc4 Qe7 17. Qb4 Bf8 18. Rac1 Nd7 19. Rc3 f5 20. Rec1 Kf7 21. Nb6 Nxb6 22. Qxb6 Bd7 23. Rc7 Rd8 24. Rxb7 f4 25. Bd2 Kg8 26. Kh1 g5 27. Rcc7 Qe8 28. Bg2 h5 29. Bb4 Rh6 30. Qxa6 g4 31. Qf1 Bxa4 32. Bd2 Rg6 33. fxg4 hxg4 34. f3 g3 35. Bh3 Rh6 36. Be6+ Rxe6 37. dxe6 Bc6 38. e7 Qh5 39. exf8=Q+ Rxf8 40. Rg7+ Kh8 41. Rh7+ Qxh7 42. Rxh7+ Kxh7 43. hxg3 Kg6 44. gxf4 1-0

[Variant "Standard"]
[Site "Europe Echecs"]

[Event "Championnat du monde jeunes U12"]
[Date "2024.11.22"]
[White "Simiyu Jadon"]
[Black "Hallmundarson, Birkir"]
[WhiteElo "1784"]
[BlackElo "1914"]
[Round "7.35"]
[Result "0-1"]
[TimeControl "5400+30"]

1. e4 c5 2. Nf3 Nc6 3. d4 cxd4 4. Nxd4 g6 5. c4 Bg7 6. Be3 Nf6 7. Nc3 Ng4 8. Qxg4 Nxd4 9. Qd1 e5 10. Be2 d6 11. O-O O-O 12. Qd2 f5 13. f3 a6 14. Nd5 Be6 15. Kh1 Bxd5 16. cxd5 Qe7 17. Bd3 fxe4 18. Bxe4 Nf5 19. Bg5 Bf6 20. Bxf6 Qxf6 21. Bxf5 gxf5 22. Rac1 Rac8 23. Qb4 Qe7 24. g3 Rc7 25. Rxc7 Qxc7 26. Qd2 Qe7 27. Rc1 Re8 28. g4 fxg4 29. Rg1 Kh8 30. Rxg4 Rf8 31. Kg2 Qf7 32. Qd3 Rc8 33. Rc4 Rg8+ 34. Kf2 b5 35. Rh4 Qa7+ 36. Ke2 Rg2+ 37. Ke1 Qg1+ 0-1

[Variant "Standard"]
[Site "Europe Echecs"]

[Event "Championnat du monde jeunes U12"]
[Date "2024.11.22"]
[White "Chen, Jun-Wei"]
[Black "Yusupov, Rauf"]
[WhiteElo "1907"]
[BlackElo "1763"]
[Round "7.36"]
[Result "1-0"]
[TimeControl "5400+30"]

1. e4 e5 2. Nf3 Nf6 3. Nxe5 d6 4. Nf3 Nxe4 5. Nc3 Nf6 6. d4 d5 7. Bg5 c6 8. Bd3 h6 9. Bh4 Bd6 10. O-O O-O 11. Qd2 Nbd7 12. Rfe1 Qc7 13. Bxf6 Nxf6 14. Ne5 Bxe5 15. dxe5 Nd7 16. f4 Qb6+ 17. Kh1 Qxb2 18. f5 d4 19. Na4 Qa3 20. f6 Qxa4 21. Qf4 Qa5 22. fxg7 Kxg7 23. Qg4+ Kh8 24. Qf5 Nf6 25. Qxf6+ Kg8 26. Qxh6 1-0

[Variant "Standard"]
[Site "Europe Echecs"]

[Event "Championnat du monde jeunes U12"]
[Date "2024.11.22"]
[White "Bundan, Edward"]
[Black "Ilcic, Aleksa"]
[WhiteElo "1905"]
[BlackElo "1757"]
[Round "7.37"]
[Result "1-0"]
[TimeControl "5400+30"]

1. e4 c5 2. Nf3 Nc6 3. d4 cxd4 4. Nxd4 Nf6 5. Nc3 e5 6. Ndb5 d6 7. Bg5 a6 8. Na3 b5 9. Nd5 Be7 10. Bxf6 Bxf6 11. c3 Bg5 12. Nc2 O-O 13. a4 bxa4 14. Rxa4 a5 15. Bc4 Rb8 16. b3 Kh8 17. Nce3 g6 18. h4 Bxh4 19. g3 Bg5 20. f4 exf4 21. gxf4 Bh4+ 22. Kf1 Ne7 23. Ra2 Nxd5 24. Nxd5 h5 25. Rah2 Bg4 26. Qd4+ 1-0

[Variant "Standard"]
[Site "Europe Echecs"]